[ AOE2 MATCH · #483440554 ]
UnrankedArmenians vs Persians
Player's team · WIN
Rival team · LOSS
[ REPLAY ANALYSIS · EXTRACTED FROM THE RECORDED GAME ]
Feudal
10:35
Castle
—
Imperial
—
| APM avg | 9.5 |
| APM peak | 27 |
| eAPM avg | 8.0 |
| Villagers / military | 56 / 57 |
Focus
⚔️ 26.7% · 🌾 73.3%
Militia ×49 · Spearman ×8
Feudal
11:38
Castle
22:59
Imperial
—
| APM avg | 16.5 |
| APM peak | 41 |
| eAPM avg | 9.6 |
| Villagers / military | 51 / 6 |
Focus
⚔️ 12.3% · 🌾 87.7%
Knight ×6
Match map
Initial resources + every placement click. Lines = walls · curves = elevation contours. ◆ gold · ⬟ stone · ● berries · ✦ relic · ◌ wall gap
Your base· Open — unwalled flank
KoolName's base· Open — unwalled flank
Smoothed initial terrain · ◌ = detected wall gap · hover for details
Inputs per minute
— DarkElf - - KoolName
Build order — DarkElf
136 actions detected in the replay
| 0:03 | Create | Villager (Male) |
| 0:03 | Research | Loom |
| 0:04 | Create | Villager (Male) |
| 0:04 | Create | Villager (Male) |
| 0:05 | Create | Villager (Male) |
| 0:05 | Create | Villager (Male) |
| 0:18 | Build | House |
| 0:19 | Build | House |
| 0:51 | Build | House |
| 0:52 | Build | House |
| 1:40 | Create | Villager (Male) |
| 2:19 | Create | Villager (Male) |
| 2:20 | Create | Villager (Male) |
| 2:29 | Build | Mule Cart |
| 3:00 | Create | Villager (Male) |
| 3:00 | Create | Villager (Male) |
| 3:23 | Create | Villager (Male) |
| 3:36 | Create | Villager (Male) |
| 4:05 | Create | Villager (Male) |
| 4:19 | Create | Villager (Male) |
| 4:44 | Create | Villager (Male) |
| 5:09 | Create | Villager (Male) |
| 5:35 | Create | Villager (Male) |
| 5:52 | Build | Mill |
| 5:59 | Create | Villager (Male) |
| 6:00 | Create | Villager (Male) |
| 6:00 | Create | Villager (Male) |
| 7:34 | Create | Villager (Male) |
| 7:56 | Create | Villager (Male) |
| 8:08 | Research | Feudal Age |
| 9:59 | Build | Farm |
| 10:15 | Build | House |
| 10:16 | Build | House |
| 10:17 | Build | House |
| 10:35 | Age | Feudal Age |
| 10:39 | Research | Wheelbarrow |
| 10:43 | Research | Double-Bit Axe |
| 10:46 | Research | Horse Collar |
| 10:56 | Create | Villager (Male) ×5 |
| 11:20 | Build | Blacksmith |
| 11:42 | Build | Barracks |
| 11:53 | Research | Town Watch |
| 12:26 | Build | Farm |
| 12:39 | Research | Scale Mail Armor |
| 12:52 | Build | Farm |
| 13:04 | Build | Barracks |
| 13:17 | Build | Farm |
| 13:40 | Build | Farm |
| 13:47 | Create | Villager (Male) ×2 |
| 14:04 | Build | House |
| 14:06 | Build | House |
| 14:07 | Build | House |
| 14:14 | Build | Farm |
| 14:19 | Create | Spearman ×3 |
| 14:31 | Create | Villager (Male) |
| 14:56 | Build | Farm |
| 15:08 | Build | Market |
| 15:17 | Create | Villager (Male) ×3 |
| 15:30 | Build | Farm |
| 15:35 | Create | Villager (Male) |
| 15:35 | Create | Villager (Male) |
| 15:42 | Create | Villager (Male) |
| 15:49 | Build | Farm |
| 16:13 | Build | Farm |
| 16:32 | Create | Spearman ×5 |
| 16:39 | Build | Farm |
| 17:03 | Build | Farm |
| 17:11 | Build | Barracks |
| 17:27 | Build | Farm |
| 17:34 | Create | Villager (Male) ×5 |
| 17:52 | Build | Farm |
| 18:17 | Research | Pikeman (upgrade) |
| 18:24 | Build | Farm |
| 18:34 | Build | Barracks |
| 18:43 | Build | Farm |
| 19:00 | Research | Man-at-Arms (upgrade) |
| 19:01 | Research | Arson |
| 19:08 | Build | Farm |
| 19:12 | Create | Villager (Male) ×3 |
| 19:32 | Build | Farm |
| 19:40 | Build | House |
| 19:41 | Build | House |
| 19:57 | Research | Long Swordsman (upgrade) |
| 20:08 | Build | Mule Cart |
| 20:18 | Create | Militia |
| 20:18 | Create | Militia |
| 20:19 | Create | Militia |
| 20:19 | Create | Militia |
| 20:19 | Create | Militia |
| 20:19 | Create | Militia |
| 20:20 | Create | Militia |
| 20:20 | Create | Militia |
| 20:20 | Create | Militia |
| 20:20 | Create | Militia |
| 20:45 | Create | Militia |
| 20:45 | Create | Militia |
| 20:45 | Create | Militia |
| 20:46 | Create | Militia |
| 20:46 | Create | Militia |
| 20:46 | Create | Militia |
| 20:57 | Build | House |
| 20:58 | Build | House |
| 21:01 | Create | Villager (Male) ×3 |
| 21:02 | Create | Villager (Male) ×3 |
| 21:02 | Create | Villager (Male) ×3 |
| 21:23 | Research | Gold Mining |
| 21:28 | Create | Militia |
| 21:29 | Create | Militia |
| 21:29 | Create | Militia |
| 21:30 | Create | Militia |
| 21:30 | Create | Militia |
| 21:57 | Create | Militia |
| 21:57 | Create | Militia |
| 21:58 | Create | Militia |
| 21:58 | Create | Militia |
| 21:58 | Create | Militia |
| 21:58 | Create | Militia |
| 22:05 | Create | Villager (Male) |
| 22:05 | Create | Villager (Male) |
| 22:06 | Create | Villager (Male) |
| 22:13 | Build | Mule Cart |
| 22:26 | Build | Mill |
| 22:37 | Create | Militia |
| 22:37 | Create | Militia |
| 22:38 | Create | Militia |
| 22:38 | Create | Militia |
| 22:38 | Create | Militia |
| 22:51 | Build | Farm |
| 22:58 | Build | Farm |
| 23:04 | Build | Farm |
| 23:09 | Build | Farm |
| 23:19 | Build | Farm |
| 23:49 | Create | Militia ×5 |
| 23:49 | Create | Militia ×5 |
| 23:50 | Create | Militia ×5 |
| 23:50 | Create | Militia ×2 |
Build order — KoolName
136 actions detected in the replay
| 0:02 | Research | Loom |
| 0:02 | Create | Villager (Male) |
| 0:02 | Create | Villager (Male) |
| 0:03 | Create | Villager (Male) |
| 0:03 | Create | Villager (Male) |
| 0:03 | Create | Villager (Male) |
| 0:03 | Create | Villager (Male) |
| 0:22 | Build | House |
| 0:55 | Build | House |
| 1:23 | Build | House |
| 1:23 | Build | House |
| 2:16 | Create | Villager (Male) |
| 2:16 | Create | Villager (Male) |
| 2:16 | Create | Villager (Male) |
| 2:45 | Build | House |
| 2:48 | Build | House |
| 2:50 | Build | Mill |
| 2:52 | Create | Villager (Male) |
| 2:52 | Create | Villager (Male) |
| 3:32 | Create | Villager (Male) |
| 3:32 | Create | Villager (Male) |
| 3:32 | Create | Villager (Male) |
| 3:58 | Create | Villager (Male) |
| 3:58 | Create | Villager (Male) |
| 3:58 | Create | Villager (Male) |
| 4:32 | Create | Villager (Male) |
| 4:32 | Create | Villager (Male) |
| 4:33 | Create | Villager (Male) |
| 5:27 | Create | Villager (Male) |
| 5:27 | Create | Villager (Male) |
| 5:27 | Create | Villager (Male) |
| 5:28 | Create | Villager (Male) |
| 6:05 | Create | Villager (Male) |
| 6:05 | Create | Villager (Male) |
| 6:05 | Create | Villager (Male) |
| 7:18 | Build | Lumber Camp |
| 8:03 | Create | Villager (Male) |
| 8:04 | Create | Villager (Male) |
| 8:34 | Build | Mining Camp |
| 9:34 | Research | Feudal Age |
| 9:34 | Research | Feudal Age |
| 9:47 | Build | Barracks |
| 9:54 | Build | Mill |
| 10:17 | Build | House |
| 10:31 | Create | Villager (Male) |
| 10:31 | Create | Villager (Male) |
| 10:49 | Build | Mining Camp |
| 11:26 | Build | House |
| 11:38 | Age | Feudal Age |
| 11:40 | Research | Double-Bit Axe |
| 11:51 | Build | Stable |
| 11:58 | Create | Villager (Male) |
| 11:58 | Create | Villager (Male) |
| 11:58 | Create | Villager (Male) |
| 11:59 | Create | Villager (Male) |
| 12:26 | Research | Horse Collar |
| 12:47 | Research | Bloodlines |
| 12:47 | Research | Bloodlines |
| 13:21 | Build | Stable |
| 13:28 | Create | Villager (Male) |
| 13:28 | Create | Villager (Male) |
| 13:49 | Create | Villager (Male) |
| 13:49 | Create | Villager (Male) |
| 14:04 | Build | Stable |
| 14:23 | Build | House |
| 14:54 | Build | Stable |
| 15:05 | Create | Villager (Male) |
| 15:06 | Create | Villager (Male) |
| 15:10 | Build | Farm |
| 15:17 | Build | Farm |
| 15:29 | Build | House |
| 15:32 | Build | Farm |
| 15:37 | Create | Villager (Male) |
| 15:38 | Create | Villager (Male) |
| 15:56 | Build | Lumber Camp |
| 16:01 | Build | Farm |
| 16:17 | Build | Farm |
| 16:47 | Build | Blacksmith |
| 16:51 | Create | Villager (Male) |
| 16:52 | Create | Villager (Male) |
| 16:56 | Build | Farm |
| 17:01 | Build | Farm |
| 17:25 | Build | Farm |
| 17:26 | Create | Villager (Male) |
| 17:38 | Build | House |
| 17:40 | Build | House |
| 17:42 | Build | House |
| 17:43 | Build | House |
| 17:49 | Build | Farm |
| 17:52 | Create | Villager (Male) |
| 17:52 | Create | Villager (Male) |
| 17:59 | Build | Farm |
| 18:10 | Build | House |
| 18:14 | Build | Lumber Camp |
| 18:17 | Build | Farm |
| 18:33 | Build | Farm |
| 18:47 | Build | Farm |
| 18:50 | Create | Villager (Male) |
| 18:53 | Build | Farm |
| 18:58 | Build | Farm |
| 19:01 | Build | Farm |
| 19:05 | Build | Farm |
| 19:13 | Build | Mining Camp |
| 19:21 | Build | Farm |
| 19:23 | Create | Villager (Male) |
| 19:50 | Build | Farm |
| 19:56 | Build | Stable |
| 20:17 | Build | House |
| 20:20 | Build | House |
| 20:22 | Build | House |
| 20:23 | Build | House |
| 20:25 | Build | House |
| 20:26 | Build | House |
| 20:28 | Build | House |
| 20:29 | Build | House |
| 20:30 | Build | House |
| 20:33 | Research | Castle Age |
| 20:34 | Research | Castle Age |
| 20:47 | Research | Gold Mining |
| 20:48 | Research | Gold Mining |
| 21:18 | Research | Scale Barding Armor |
| 21:34 | Build | House |
| 21:39 | Build | Archery Range |
| 21:40 | Build | Archery Range |
| 21:52 | Research | Forging |
| 22:59 | Age | Castle Age |
| 23:02 | Build | Town Center |
| 23:07 | Research | Husbandry |
| 23:11 | Research | Iron Casting |
| 23:12 | Create | Knight |
| 23:12 | Create | Knight |
| 23:12 | Create | Knight |
| 23:13 | Create | Knight |
| 23:38 | Create | Knight |
| 23:38 | Create | Knight |
| 23:57 | Create | Villager (Male) |
Match timeline
| 9:47 | KoolName · first_building Barracks |
| 10:35 | DarkElf · age_up feudal |
| 11:38 | KoolName · age_up feudal |
| 11:42 | DarkElf · first_building Barracks |
| 11:51 | KoolName · first_building Stable |
| 18:15 | DarkElf · first_market_sell 500 wood |
| 20:42 | DarkElf · first_market_buy 100 food |
| 21:39 | KoolName · first_building Archery Range |
| 22:59 | KoolName · age_up castle |
| 24:00 | KoolName · resign |
[ AI ANALYSIS · 1 CREDIT ]
What really happened in this match?
Wolo.gg analyzes every decision: build order, eco, micro, common mistakes by bracket. Personalized analysis on WhatsApp or Discord in 30 seconds.
Civ guide
Armenians
Perfil
Jugador #418532